 Dungeon Crawl Stone Soup version 0.31.0-11-ge490571c62 (webtiles) character file.

Game seed: 17869193685036908112

65 qw the Shooter (level 3, -2/18 HPs)
             Began as a Spriggan Hunter on Feb 4, 2024.
             Slain by a goblin
             ... wielding a +0 dagger
             ... led by Robin
              (4 damage)
             ... on level 3 of the Dungeon.
             The game lasted 00:00:04 (1619 turns).

qw the Shooter (Spriggan Hunter)                    Turns: 1619, Time: 00:00:05

Health: -2/18      AC:  2    Str:  7    XL:     3   Next: 94%
Magic:  4/4        EV: 19    Int: 10    God:
Gold:   59         SH:  0    Dex: 20    Spells: 2/2 levels left

rFire   . . .        a - +0 shortbow
rCold   . . .        (shield currently unavailable)
rNeg    . . .        c - +0 robe
rPois   .            (helmet restricted)
rElec   .            (no cloak)
rCorr   .            (gloves unavailable)
SInv    +            (boots unavailable)
Will    .....        (no amulet)
Stlth   ++           (no ring)
HPRegen 0.23/turn    (no ring)
MPRegen 0.09/turn

%: no passive effects
@: very quick
A: very small, no large weapons, unfitting armour, see invisible, speed 3
a: no special abilities


You were on level 3 of the Dungeon.
You visited 1 branch of the dungeon, and saw 3 of its levels.

You collected 59 gold pieces.


Innate Abilities, Weirdness & Mutations

You are very small and have problems with some larger weapons.
You are too small for most types of armour.
You have supernaturally acute eyesight. (SInv)
You cover ground extremely quickly. (Speed+++)


   Skills:
 - Level 1.5 Fighting
 + Level 4.9 Ranged Weapons
 - Level 4.2 Dodging
 - Level 1.5 Stealth


You had 2 spell levels left.
You didn't know any spells.
Your spell library was empty.

Inventory:

Hand Weapons
 a - a +0 shortbow (weapon)
Armour
 c - a +0 robe (worn)
Potions
 f - a potion of curing
 g - a potion of heal wounds {unknown}
 h - a potion of degeneration {unknown}

Dungeon Overview and Level Annotations

Branches:
Dungeon (3/15)

Altars:
Makhleb

Annotations:
D:3 Robin


Message History

You kill the hobgoblin!
A hobgoblin comes into view.
A goblin comes into view. It is wielding a +0 club.
The goblin unwields a +0 dagger.
The goblin wields a +0 sling.
The goblin shoots a sling bullet.
The sling bullet hits you.
You hear a shout! x2
You shoot an arrow.
The arrow hits the hobgoblin but does no damage.
A goblin comes into view. It is wielding a +0 club.
Robin throws the goblin at you!
You shoot an arrow. The arrow hits the goblin!
You kill the goblin!
Robin throws the goblin at you!
A goblin comes into view. It is wielding a +0 dagger.
The goblin completely misses you.
You shoot an arrow. The arrow hits the goblin.
The goblin is moderately wounded.
The hobgoblin barely misses you. The goblin hits you with a +0 club.
The goblin closely misses you. The hobgoblin closely misses you.
You shoot an arrow. The arrow hits the goblin.
You kill the goblin!
Robin roars a battlecry!
The goblins go into a battle-frenzy!
The hobgoblin hits you.
You shoot an arrow. The arrow hits the hobgoblin.
You kill the hobgoblin!
You shoot an arrow. The arrow closely misses the goblin.
The arrow hits the goblin.
The goblin is heavily wounded.
The goblin misses you.
You shoot an arrow. The arrow barely misses the goblin.
The arrow hits the goblin!
You kill the goblin!
The goblin closely misses you.
You shoot an arrow. The arrow closely misses the goblin.
The arrow hits the hobgoblin!
You kill the hobgoblin!
The goblin closely misses you. Robin throws the goblin at you!
The goblin completely misses you.
The goblin hits you with a +0 dagger. x2
You die... #.........# +.........+ ......... ....... .g... .gg

#g# #@# #g#
##.#########
#####...#......#
...........####.#
.####...<#.#
#.......#.#
#.##.#..#.# #
#..%....


You could see Robin and 4 goblins.

Vanquished Creatures
  An adder (D:2)
  A gnoll (D:1)
  A dart slug (D:2)
  3 bats
  2 endoplasms
  3 giant cockroaches
  7 goblins
  9 hobgoblins
  4 kobolds
  A quokka (D:2)
  3 ball pythons
  3 frilled lizards (D:2)
  4 rats
42 creatures vanquished.

Notes
Turn   | Place    | Note
-------+----------+-------------------------------------------
     0 | D:1      | qw the Spriggan Hunter began the quest for the Orb.
     0 | D:1      | Reached XP level 1. HP: 10/10 MP: 2/2
     0 | D:1      | 0 ||| qw: Version: 0.3-a-160-g6735b56
     0 | D:1      | 0 ||| qw: Game counter: 4866
     0 | D:1      | 0 ||| qw: Melee chars always use a shield: true
     0 | D:1      | 0 ||| qw: God list: Okawaru
     0 | D:1      | 0 ||| qw: Allow faded altars: false
     0 | D:1      | 0 ||| qw: Do Orc after clearing Dungeon:15 true
     0 | D:1      | 0 ||| qw: Do second Lair branch before Depths: true
     0 | D:1      | 0 ||| qw: Lair rune preference: random
     0 | D:1      | 0 ||| qw: Goals: Normal
     0 | D:1      | 0 ||| PLANNING D:1-11
    51 | D:1      | Reached skill level 3 in Dodging
   135 | D:1      | Reached XP level 2. HP: 14/14 MP: 3/3
   567 | D:1      | Reached XP level 3. HP: 18/18 MP: 4/4
   748 | D:1      | 748 ||| DROPPING +6 ring of intelligence.
   749 | D:1      | 749 ||| READING 2 scrolls labelled KEUGIP YZAQETH.
   750 | D:1      | 750 ||| READING scroll labelled GIDWAY ROACSAEW.
   750 | D:1      | 750 ||| IDENTIFYING lumpy clear potion
   751 | D:1      | 751 ||| READING scroll labelled GIGEINGUDWE.
   752 | D:1      | 752 ||| DROPPING scroll of butterflies.
   753 | D:1      | 753 ||| DROPPING scroll of blinking.
   754 | D:1      | 754 ||| DROPPING potion of invisibility.
   767 | D:2      | Found a burning altar of Makhleb.
  1181 | D:2      | Found a faded altar of an unknown god.
  1483 | D:2      | 1483 ||| READING scroll of identify.
  1483 | D:2      | 1483 ||| IDENTIFYING bubbling clear potion
  1484 | D:2      | 1484 ||| READING scroll labelled QOVUAWAN WUC.
  1485 | D:2      | 1485 ||| READING 2 scrolls labelled MICSINLADUQ.
  1586 | D:2      | 1586 ||| DROPPING scroll of vulnerability.
  1610 | D:3      | Noticed Robin
  1615 | D:3      | HP: 3/18 [hobgoblin[Robin] (4)]
  1619 | D:3      | Slain by a goblin

Levels and vault maps discovered:
D:1:      dpeg_arrival_prison, layout_loops_ring, chequers_arboretum,
          serial_park_tiny_1
D:2:      kennysheep_big_flooded_room, layout_basic, basic_altar,
          basic_ecumenical_altar, hangedman_abyss_or_decor_lesser_grid
D:3:      layout_loops_corners, mainiacjoe_overflow_24_doors, minmay_circle_x,
          uniq_robin

Skill      XL: |  1  2 |
---------------+-------+-----
Dodging        | 3 4 |  4.2
Fighting       | |  1.5
Ranged Weapons | |  4.9
Stealth        | |  1.5

Action                     || total
---------------------------++-------
   Fire: Shortbow          ||   102
    Use: Scroll            ||     6
 Armour: Robe              ||    10
  Dodge: Dodged            ||    41

Table legend:
 A = Non-vault XP
 B = Vault XP
 C = Vault XP percentage of total XP
 D = Non-vault monster count
 E = Vault monster count
 F = Vault count percentage of total count
                 A         B        C        D         E       F
            +---------+---------+-------+---------+---------+-------
      Total |      67 |      29 |  30.2 |      33 |       9 |  21.4
            +---------+---------+-------+---------+---------+-------
        D:1 |      44 |       1 |   2.2 |      19 |       1 |   5.0
        D:2 |      22 |      16 |  42.1 |      13 |       2 |  13.3
        D:3 |       1 |      12 |  92.3 |       1 |       6 |  85.7
            +---------+---------+-------+---------+---------+-------
